 Dungeon Crawl Stone Soup version 0.23.2-40-g277498a001 (webtiles) character file.

Game seed: 13991038152455459106

3231 Delarado the Arsonist (level 9, 0/40 HPs)
             Began as a Deep Elf Fire Elementalist on Sept 25, 2019.
             Was a Believer of Vehumet.
             Succumbed to a killer bee's poison
             ... on level 7 of the Dungeon on Sept 26, 2019.
             The game lasted 00:55:08 (10665 turns).

Delarado the Arsonist (Deep Elf Fire Elementalist) Turns: 10665, Time: 00:55:09

Health: 0/40       AC:  4    Str: 11    XL:     9   Next: 66%
Magic:  16/16      EV: 18    Int: 34    God:    Vehumet [**....]
Gold:   283        SH:  0    Dex: 20    Spells: 2/15 levels left

rFire    . . .     SeeInvis .   F - +6 trident of Duty {speed, rC++ MR+ Str+4 Int+4}
rCold    + + .     Gourm    .   (no shield)
rNeg     . . .     Faith    .   E - +0 robe {MR+}
rPois    .         Spirit   .   (helmet restricted)
rElec    .         Reflect  .   B - +1 cloak
rCorr    .         Harm     .   (no gloves)
MR       ++...                  (no boots)
Stlth    ++++......             (no amulet)
HPRegen  0.13/turn              f - +6 ring of intelligence
MPRegen  0.15/turn              o - ring of stealth

@: agile, lethally poisoned (0 -> -3)
A: horns 1, frail 1, strong 1
a: Renounce Religion


You were on level 7 of the Dungeon.
You worshipped Vehumet.
Vehumet was pleased with you.
You were very full.

You visited 2 branches of the dungeon, and saw 9 of its levels.

You collected 283 gold pieces.

Inventory:

Hand Weapons
 b - a +1 hunting sling
 d - a +0 blowgun
 l - a +3 short sword of speed
 m - a +3 dagger
 F - the +6 trident of Duty (weapon) {speed, rC++ MR+ Str+4 Int+4}
   (You found it on level 6 of the Dungeon)

   Attacks with this weapon are significantly faster.
   It affects your strength (+4).
   It affects your intelligence (+4).
   It greatly protects you from cold.
   It affects your resistance to hostile enchantments.
Missiles
 e - 264 stones (quivered)
 k - 35 poisoned needles
 p - 10 curare-tipped needles
 s - 24 sling bullets
 u - 3 needles of sleeping
Armour
 a - a +0 robe
 i - a +0 shield
 t - a +0 helmet
 B - a +1 cloak (worn)
 E - a +0 robe of magic resistance (worn)
Jewellery
 f - a +6 ring of intelligence (left hand)
 o - a ring of stealth (right hand)
 q - an uncursed ring of stealth
 w - an uncursed ring of stealth
Scrolls
 y - a scroll of enchant armour
 A - 3 scrolls of remove curse
 D - a scroll of amnesia
 G - a scroll of identify
Potions
 j - 3 potions of flight
 z - 2 potions of brilliance
Comestibles
 c - 2 rations
 g - 5 chunks of flesh


   Skills:
 - Level 2.4 Dodging
 - Level 2.4 Stealth
 - Level 3.7 Spellcasting
 + Level 10.4 Conjurations
 + Level 10.9 Fire Magic


You had 2 spell levels left.
You knew the following spells:

 Your Spells              Type           Power        Failure   Level  Hunger
a - Flame Tongue          Conj/Fire      #####        1%          1    None
b - Conjure Flame         Conj/Fire      ######..     1%          3    ##.....
c - Sticky Flame          Conj/Fire      ######..     1%          4    ####...
d - Fireball              Conj/Fire      ######....   1%          5    #####..

Your spell library contained the following spells:

 Spells                   Type           Power        Failure   Level  Hunger
 Searing Ray              Conj           ######       1%          2    None
 Throw Flame              Conj/Fire      ######       1%          2    None
 Inner Flame              Hex/Fire       #####...     1%          3    ##.....


Dungeon Overview and Level Annotations

Branches:
Dungeon (8/15)             Temple (1/1) D:5
   Lair: D:8-11

Altars:
Ashenzari
Cheibriados
Dithmenos
Elyvilon
Fedhas
Hepliaklqana
Kikubaaqudgha
Makhleb
Nemelex Xobeh
Okawaru
Qazlal
Ru
Sif Muna
Trog
Uskayaw
Vehumet
Wu Jian
Xom
Yredelemnul
Zin
The Shining One

Annotations:
D:5 Prince Ribbit


Innate Abilities, Weirdness & Mutations

You have a pair of small horns on your head.
You are frail. (-10% HP)
Your muscles are strong. (Str +2)


Message History

* * * LOW HITPOINT WARNING * * *
You feel sick.
You feel agile all of a sudden.
Okay, then.
You eat one of the 4 rations.
That ration really hit the spot!
* * * LOW HITPOINT WARNING * * *
You feel sick.
As you read the scroll labeled BIFIRPH KAYDOIPH, it crumbles to dust.
It is a scroll of enchant armour.
Your +0 cloak glows green for a moment.
* * * LOW HITPOINT WARNING * * *
You feel sick.
As you read the scroll labeled ALAGGI ARITWU, it crumbles to dust.
You assume a fearsome visage.
Nothing appears to happen.
It was a scroll of fear.
You aren't quite hungry enough to eat that!
Okay, then.
You eat one of the 3 rations.
That ration really hit the spot!
* * * LOW HITPOINT WARNING * * *
You feel sick.
You die...

#........####.#####.#
#.# #...#.#..# #.#.....#
#.# ##...#.#..#
#.#.##### #.#
.......#..# #...# #.#
##.#.###..# ###.# #.#
.#.#.# #..# ####.#######
#.# ...#.# #..#
#..........# #.# ...#.#
#..###.##.#####.######.#
..##.# #.......†@#
#........#
.....###..######)#
##########
..........######.#
########.......[.#
..........########
#........## ##########


There were no monsters in sight!

Vanquished Creatures
  4 water moccasins (D:7)
  2 orc warriors
  A phantom (D:6)
  A necrophage (D:7)
  An ogre (D:4)
  2 centaurs
  A crocodile (D:8)
  A big kobold (D:4)
  A bullfrog (D:7)
  2 scorpions
  A wyvern skeleton (D:6)
  2 killer bees (D:8)
  5 wights (D:6)
  4 howler monkeys
  6 crimson imps
  A centaur zombie (D:6)
  A bullfrog zombie (D:8)
  2 bullfrog skeletons
  3 orc priests
  5 hounds
  Jessica (D:3)
  A centaur skeleton (D:7)
  3 iguanas
  10 orc wizards
  2 worker ants (D:4)
  A killer bee zombie (D:7)
  12 adders
  9 gnolls
  An adder zombie (D:7)
  2 adder skeletons
  A worm (D:2)
  A dart slug (D:1)
  8 leopard geckos
  25 orcs
  10 bats
  5 giant cockroaches
  14 goblins
  11 hobgoblins
  4 jackals
  2 quokkas
  A ball python (D:3)
  A frilled lizard (D:4)
  28 kobolds
  2 leopard gecko zombies
  2 quokka skeletons
  13 rats
216 creatures vanquished.

Vanquished Creatures (others)
  A kobold (D:4)
  2 plants (D:4)
3 creatures vanquished.

Grand Total: 219 creatures vanquished

Notes
Turn   | Place    | Note
-------+----------+-------------------------------------------
     0 | D:1      | Delarado the Deep Elf Fire Elementalist began the quest for
                  | the Orb.
     0 | D:1      | Reached XP level 1. HP: 10/10 MP: 6/6
   161 | D:1      | Reached XP level 2. HP: 15/15 MP: 6/8
   770 | D:1      | Reached XP level 3. HP: 19/19 MP: 7/9
   810 | D:1      | Learned a level 3 spell: Conjure Flame
  1370 | D:2      | Reached XP level 4. HP: 24/24 MP: 2/10
  1782 | D:2      | Learned a level 4 spell: Sticky Flame
  2103 | D:2      | Found a basalt altar of Yredelemnul.
  2219 | D:2      | Found a glowing silver altar of Zin.
  2606 | D:3      | Reached skill level 5 in Fire Magic
  2606 | D:3      | Reached XP level 5. HP: 16/28 MP: 2/11
  2769 | D:3      | Noticed Jessica
  2902 | D:3      | Killed Jessica
  3371 | D:3      | Found a blossoming altar of Fedhas.
  3504 | D:3      | Found an ancient bone altar of Kikubaaqudgha.
  3598 | D:3      | Reached XP level 6. HP: 32/32 MP: 12/12
  3824 | D:4      | Reached skill level 5 in Conjurations
  3862 | D:4      | Found a hazy altar of Hepliaklqana.
  4418 | D:4      | Reached XP level 7. HP: 36/36 MP: 6/13
  5616 | D:4      | Learned a level 5 spell: Fireball
  5930 | D:5      | Entered Level 5 of the Dungeon
  5933 | D:5      | Found a staircase to the Ecumenical Temple.
  5941 | Temple   | Entered the Ecumenical Temple
  6141 | Temple   | Became a worshipper of Vehumet
  6356 | D:5      | Found a burning altar of Makhleb.
  6356 | D:5      | Found an iron altar of Okawaru.
  6434 | D:5      | Noticed Prince Ribbit
  6870 | D:5      | Found a shimmering altar of Xom.
  7521 | D:6      | Reached XP level 8. HP: 30/41 MP: 4/15
  8169 | D:6      | Reached * piety under Vehumet
  8169 | D:6      | Offered knowledge of Freeze by Vehumet.
  8626 | D:6      | Got a twisted trident
  8627 | D:6      | Identified the +6 trident of Duty {speed, rC++ MR+ Str+4
                  | Int+4} (You found it on level 6 of the Dungeon)
  9447 | D:7      | Reached XP level 9. HP: 45/45 MP: 9/16
  9996 | D:7      | Reached skill level 10 in Fire Magic
 10296 | D:7      | You fall through a shaft!
 10332 | D:8      | Reached skill level 10 in Conjurations
 10576 | D:7      | Offered knowledge of Searing Ray by Vehumet.
 10578 | D:7      | Reached ** piety under Vehumet
 10658 | D:7      | Gained mutation: You are frail. (-10% HP) [potion of
                  | mutation]
 10658 | D:7      | Gained mutation: You have a pair of small horns on your
                  | head. [potion of mutation]
 10658 | D:7      | Gained mutation: Your muscles are strong. (Str +2) [potion
                  | of mutation]
 10661 | D:7      | HP: 2/40 [poisoned by a killer bee]
 10665 | D:7      | Succumbed to a killer bee's poison

Skill      XL: |  1  2  3  4  5  6  7  8  9 |
---------------+----------------------------+-----
Conjurations   | 2 3 4 5 7 9 10 | 10.4
Fire Magic     | 4 5 6 7 9 10 | 10.9
Dodging        | |  2.4
Stealth        | |  2.4
Spellcasting   | |  3.7

Action                   |  1- 3 |  4- 6 |  7- 9 || total
-------------------------+-------+-------+-------++-------
Melee: Dagger            |     4 |       |       ||     4
       Short sword       |       |       |    19 ||    19
       Trident           |       |       |    43 ||    43
 Fire: Hunting sling     |     2 |    80 |    52 ||   134
Throw: Stone             |    18 |       |    21 ||    39
 Cast: Flame Tongue      |    60 |    85 |   172 ||   317
       Sticky Flame      |       |     6 |    32 ||    38
       Fireball          |       |       |     7 ||     7
  Use: Scroll            |       |       |    17 ||    17
       Potion            |       |       |     6 ||     6
 Stab: Sleeping          |       |       |     2 ||     2
  Eat: Chunk             |     1 |    10 |    12 ||    23
       Ration            |       |       |     6 ||     6
Armor: Robe              |     7 |     2 |    10 ||    19
Dodge: Dodged            |    17 |    14 |    78 ||   109
